 Dungeon Crawl Stone Soup version 0.27-a0-773-gaaee5cf45b (webtiles) character file.

Game seed: 13396462278460445819

16 Zeld the Conjurer (level 2, 0/20 HPs)
             Began as a Human Conjurer on Mar 25, 2021.
             Slain by an adder (3 damage)
             ... on level 2 of the Dungeon.
             The game lasted 00:04:31 (1338 turns).

Zeld the Conjurer (Human Conjurer)                  Turns: 1338, Time: 00:04:32

Health: 0/20       AC:  3    Str: 13    XL:     2   Next: 70%
Magic:  1/5        EV: 12    Int: 18    God:
Gold:   70         SH:  0    Dex: 11    Spells: 2/5 levels left

rFire    . . .     SeeInvis .   (no weapon)
rCold    . . .     Faith    .   (no shield)
rNeg     . . .     Spirit   .   a - +0 robe
rPois    .         Reflect  .   (no helmet)
rElec    .         Harm     .   (no cloak)
rCorr    .         Rampage  .   e - +0 pair of gloves
Will     .....                  (no boots)
Stlth    ++........             (no amulet)
HPRegen  0.06/turn              d - +6 ring of strength
MPRegen  0.09/turn              (no ring)

@: no status effects
A: no striking features
a: no special abilities


You were on level 2 of the Dungeon.
You visited 1 branch of the dungeon, and saw 2 of its levels.

You collected 70 gold pieces.

Inventory:

Armour
 a - a +0 robe (worn)
 e - a +0 pair of gloves (worn)
Jewellery
 d - a +6 ring of strength (right hand)
Scrolls
 b - a scroll of teleportation {unknown}
 c - a scroll of acquirement {unknown}
Potions
 f - a potion of curing {unknown}


   Skills:
 + Level 0.5 Fighting
 - Level 2.0 Dodging
 + Level 2.1 Stealth
 * Level 2.2 Spellcasting
 * Level 4.2 Conjurations


You had 2 spell levels left.
You knew the following spells:

 Your Spells              Type           Power      Damage    Failure   Level
a - Magic Dart            Conj           68%        1d6       3%          1
b - Searing Ray           Conj           34%        3d4       4%          2

Your spell library contained the following spells:

 Spells                   Type           Power      Damage    Failure   Level
 Dazzling Flash           Conj/Hex       18%        N/A       22%         3
 Fulminant Prism          Conj/Hex       4%         3d6       58%         4
 Iskenderun's Mystic Bla  Conj/Tloc      9%         2d4       58%         4


Dungeon Overview and Level Annotations

Branches:
Dungeon (2/15)

Altars:


Message History

The adder is heavily wounded.
The adder bites you.
You barely miss the adder.
The adder is heavily wounded.
The adder misses you.
You barely miss the adder.
The adder is heavily wounded.
The adder bites you.
You are poisoned.
The adder poisons you! The adder barely misses you.
Casting: Searing Ray (safe; 4% risk of failure)
Confirm with . or Enter, or press ? or * to list all spells.
Aiming: Magic Dart (safe; 3% risk of failure)
Press: ? - help, Shift-Dir - straight line, f/p - adder
Aim: an adder (heavily wounded, 0% to evade)
The magic dart hits the adder.
The adder is severely wounded.
You feel sick. The adder misses you.
Unknown command.
You closely miss the adder.
The adder is severely wounded.
You feel sick. The adder bites you.
You barely miss the adder.
The adder is severely wounded.
You feel sick. The adder barely misses you.
The adder bites you but does no damage.
You closely miss the adder.
The adder is severely wounded.
You feel sick. The adder bites you.
* * * LOW HITPOINT WARNING * * *
You closely miss the adder.
The adder is severely wounded.
You feel sick.
You are no longer poisoned.
The adder barely misses you.
You hit the adder but do no damage.
The adder is severely wounded.
The adder misses you. The adder bites you but does no damage.
The adder bites you.
You die...

...# # ###. #...
.# ....##.†##.#
...........#
########..##..###
#............†#.#
#.....##.#.#....#
....$......####.#
#......##..†@S.#
#..^...##.######
#.........#<)..#
....#...#######.#
..###.#.# #.#
........# #.#
#####...# ####.##
........# #.....#
..(.....# #.#####


You could see an adder.

Vanquished Creatures
  2 endoplasms (D:1)
  3 goblins
  3 kobolds (D:1)
  A ball python (D:1)
  3 bats
  2 frilled lizards (D:1)
  3 rats
17 creatures vanquished.

Notes
Turn   | Place    | Note
-------+----------+-------------------------------------------
     0 | D:1      | Zeld the Human Conjurer began the quest for the Orb.
     0 | D:1      | Reached XP level 1. HP: 13/13 MP: 3/3
   297 | D:1      | Reached XP level 2. HP: 15/20 MP: 0/5
   312 | D:1      | Learned a level 2 spell: Searing Ray
  1338 | D:2      | Slain by an adder

Illustrated notes

Levels and vault maps discovered:
D:1:      mrwooster_arrival_statue_3, layout_basic
D:2:      layout_basic, marbit_many_paths

Action                   || total
-------------------------++-------
Melee: Unarmed           ||    21
 Cast: Magic Dart        ||    27
       Searing Ray       ||     1
Armor: Robe              ||    15
Dodge: Dodged            ||    26

Table legend: (Time is in decaauts)
 A = Elapsed time spent in this place.
 B = Non-inter-level travel time spent in this place.
 C = Inter-level travel time spent in this place.
 D = Time resting spent in this place.
 E = Time spent auto-exploring this place.
 F = Levels seen in this place.
 G = Mean time per level.
                   A        B        C        D        E       F      G
               +--------+--------+--------+--------+--------+-----+--------+
         Total |   1337 |   1308 |     29 |    530 |    149 |   2 |  668.5 |
       Dungeon |   1337 |   1308 |     29 |    530 |    149 |   2 |  668.5 |
               +--------+--------+--------+--------+--------+-----+--------+

Top non-repeatable levels by time:
     D:1: 1083 daAuts
     D:2: 253 daAuts
